[ AOE2 MATCH · #480910262 ]
UnrankedFranks vs Vietnamese
Player's team · LOSS
[ REPLAY ANALYSIS · EXTRACTED FROM THE RECORDED GAME ]
Feudal
9:53
Castle
20:44
Imperial
33:00
| APM avg | 23.9 |
| APM peak | 82 |
| eAPM avg | 19.7 |
| Villagers / military | 175 / 198 |
Focus
⚔️ 38.5% · 🌾 61.5%
Skirmisher ×77 · Knight ×75 · Spearman ×37 · Scout Cavalry ×4 · Trebuchet (Packed) ×3 · Monk ×1
Feudal
11:44
Castle
17:45
Imperial
33:35
| APM avg | 34.9 |
| APM peak | 79 |
| eAPM avg | 19.0 |
| Villagers / military | 154 / 274 |
Focus
⚔️ 38.7% · 🌾 61.3%
Skirmisher ×101 · Scout Cavalry ×56 · Rattan Archer ×48 · Battle Elephant ×33 · Bombard Cannon ×22 · Archer ×8
Match map
Initial resources + every placement click. Lines = walls · curves = elevation contours. ◆ gold · ⬟ stone · ● berries · ✦ relic · ◌ wall gap
Your base· Open — unwalled flank
m's base· Open — unwalled flank
Smoothed initial terrain · ◌ = detected wall gap · hover for details
Inputs per minute
— taronaj - - m
Build order — taronaj
First 150 of 552 actions detected
| 0:02 | Create | Villager (Male) |
| 0:02 | Create | Villager (Male) |
| 0:02 | Create | Villager (Male) |
| 0:02 | Create | Villager (Male) |
| 0:02 | Create | Villager (Male) |
| 0:03 | Build | House |
| 0:08 | Build | House |
| 1:32 | Create | Villager (Male) |
| 1:56 | Build | Lumber Camp |
| 2:05 | Create | Villager (Male) |
| 2:21 | Create | Villager (Male) |
| 2:33 | Research | Loom |
| 3:01 | Create | Villager (Male) |
| 3:14 | Build | House |
| 3:15 | Build | House |
| 3:21 | Create | Villager (Male) |
| 3:40 | Create | Villager (Male) |
| 4:07 | Create | Villager (Male) |
| 4:20 | Build | Mill |
| 4:35 | Build | Palisade Wall |
| 4:57 | Create | Villager (Male) |
| 5:14 | Build | Palisade Wall |
| 5:34 | Create | Villager (Male) |
| 6:00 | Build | House |
| 6:11 | Create | Villager (Male) |
| 6:38 | Create | Villager (Male) |
| 6:52 | Create | Villager (Male) |
| 7:22 | Build | Palisade Wall |
| 7:43 | Research | Feudal Age |
| 8:35 | Build | Barracks |
| 9:04 | Create | Villager (Male) |
| 9:04 | Create | Villager (Male) |
| 9:46 | Create | Villager (Male) |
| 9:53 | Age | Feudal Age |
| 9:59 | Build | Stable |
| 10:10 | Build | Blacksmith |
| 10:15 | Create | Villager (Male) |
| 10:34 | Research | Double-Bit Axe |
| 10:45 | Create | Villager (Male) |
| 10:51 | Build | Mining Camp |
| 11:04 | Build | Palisade Gate |
| 11:13 | Build | House |
| 11:15 | Create | Scout Cavalry |
| 11:15 | Create | Scout Cavalry |
| 11:48 | Create | Villager (Male) |
| 12:00 | Build | Palisade Wall |
| 12:13 | Create | Scout Cavalry |
| 12:23 | Build | Farm |
| 12:25 | Build | Farm |
| 12:26 | Build | Farm |
| 12:28 | Build | Farm |
| 12:30 | Build | Farm |
| 12:33 | Create | Villager (Male) |
| 12:38 | Create | Villager (Male) |
| 13:03 | Create | Villager (Male) |
| 13:21 | Create | Villager (Male) |
| 13:31 | Build | Farm |
| 13:32 | Build | Farm |
| 13:33 | Build | Farm |
| 13:35 | Build | Farm |
| 13:45 | Build | House |
| 14:09 | Create | Villager (Male) |
| 14:17 | Build | Farm |
| 14:23 | Build | Farm |
| 14:26 | Create | Villager (Male) |
| 14:37 | Build | House |
| 15:01 | Build | Farm |
| 15:06 | Build | Palisade Wall |
| 15:11 | Create | Villager (Male) |
| 15:11 | Create | Villager (Male) |
| 15:15 | Build | Farm |
| 15:44 | Build | Palisade Wall |
| 15:51 | Build | Farm |
| 16:01 | Create | Villager (Male) |
| 16:11 | Build | Farm |
| 16:16 | Create | Villager (Male) |
| 16:48 | Build | Farm |
| 16:53 | Build | House |
| 16:59 | Build | House |
| 17:11 | Build | Farm |
| 17:31 | Build | House |
| 17:42 | Build | Stable |
| 18:04 | Research | Castle Age |
| 18:47 | Build | Palisade Wall |
| 18:53 | Build | House |
| 19:01 | Create | Villager (Male) |
| 19:01 | Create | Villager (Male) |
| 19:01 | Create | Villager (Male) |
| 19:17 | Research | Gold Mining |
| 19:30 | Build | Palisade Wall |
| 19:38 | Build | House |
| 19:52 | Build | House |
| 20:02 | Research | Stone Mining |
| 20:05 | Create | Villager (Male) |
| 20:21 | Research | Forging |
| 20:22 | Research | Scale Barding Armor |
| 20:44 | Age | Castle Age |
| 20:47 | Build | Town Center |
| 20:51 | Research | Fletching |
| 20:56 | Build | Archery Range |
| 21:02 | Build | Monastery |
| 21:05 | Create | Villager (Male) |
| 21:05 | Create | Villager (Male) |
| 21:15 | Research | Padded Archer Armor |
| 21:26 | Build | Town Center |
| 21:32 | Research | Bow Saw |
| 21:39 | Create | Villager (Male) |
| 21:55 | Build | Palisade Wall |
| 22:06 | Build | House |
| 22:19 | Build | House |
| 22:26 | Create | Villager (Male) |
| 22:26 | Create | Villager (Male) |
| 22:26 | Create | Villager (Male) |
| 22:43 | Research | Husbandry |
| 22:47 | Create | Monk |
| 23:07 | Build | University |
| 23:09 | Create | Villager (Male) |
| 23:10 | Create | Villager (Male) |
| 23:10 | Create | Villager (Male) |
| 23:10 | Create | Villager (Male) |
| 23:11 | Create | Villager (Male) |
| 23:16 | Build | House |
| 23:21 | Build | Farm |
| 23:31 | Create | Villager (Male) |
| 23:32 | Create | Villager (Male) |
| 23:42 | Build | Farm |
| 23:43 | Create | Scout Cavalry |
| 23:55 | Build | Archery Range |
| 24:06 | Create | Villager (Male) |
| 24:06 | Create | Villager (Male) |
| 24:07 | Create | Villager (Male) |
| 24:12 | Build | Farm |
| 24:32 | Create | Villager (Male) |
| 24:32 | Create | Villager (Male) |
| 24:32 | Create | Villager (Male) |
| 24:33 | Create | Villager (Male) |
| 24:38 | Build | Farm |
| 24:46 | Build | Farm |
| 24:59 | Research | Wheelbarrow |
| 25:08 | Build | Farm |
| 25:13 | Build | Farm |
| 25:20 | Build | House |
| 25:36 | Create | Knight |
| 25:36 | Create | Knight |
| 25:36 | Create | Knight |
| 25:37 | Create | Knight |
| 25:37 | Create | Knight |
| 25:47 | Build | House |
| 25:49 | Create | Villager (Male) |
| 25:50 | Create | Villager (Male) |
Build order — m
First 150 of 525 actions detected
| 0:13 | Build | House |
| 0:14 | Build | House |
| 0:15 | Create | Villager (Male) |
| 0:33 | Create | Villager (Male) |
| 0:53 | Create | Villager (Male) |
| 1:10 | Create | Villager (Male) |
| 1:39 | Create | Villager (Male) |
| 2:03 | Build | Lumber Camp |
| 2:27 | Create | Villager (Male) |
| 2:49 | Create | Villager (Male) |
| 3:11 | Create | Villager (Male) |
| 3:45 | Create | Villager (Male) |
| 3:45 | Create | Villager (Male) |
| 3:50 | Build | House |
| 3:52 | Build | House |
| 4:07 | Create | Villager (Male) |
| 4:31 | Build | Mill |
| 4:40 | Create | Villager (Male) |
| 5:04 | Create | Villager (Male) |
| 5:36 | Create | Villager (Male) |
| 5:37 | Create | Villager (Male) |
| 6:10 | Build | Farm |
| 6:19 | Create | Villager (Male) |
| 6:26 | Create | Villager (Male) |
| 6:34 | Build | Mill |
| 7:21 | Create | Villager (Male) |
| 7:36 | Create | Villager (Male) |
| 8:05 | Create | Villager (Male) |
| 8:34 | Create | Villager (Male) |
| 8:37 | Create | Villager (Male) |
| 9:07 | Build | Mining Camp |
| 9:27 | Create | Villager (Male) |
| 9:34 | Research | Feudal Age |
| 9:48 | Build | House |
| 9:57 | Build | Barracks |
| 10:02 | Build | House |
| 10:06 | Build | House |
| 10:10 | Research | Loom |
| 10:38 | Build | Farm |
| 10:40 | Build | Farm |
| 11:44 | Age | Feudal Age |
| 11:48 | Build | Archery Range |
| 11:53 | Create | Villager (Male) |
| 12:23 | Build | Blacksmith |
| 12:33 | Create | Villager (Male) |
| 12:52 | Create | Villager (Male) |
| 13:19 | Create | Villager (Male) |
| 13:24 | Create | Archer |
| 13:34 | Create | Villager (Male) |
| 13:57 | Create | Villager (Male) |
| 14:08 | Build | Farm |
| 14:09 | Build | Farm |
| 14:10 | Build | Farm |
| 14:25 | Create | Archer |
| 14:59 | Build | Farm |
| 15:00 | Build | Farm |
| 15:02 | Create | Villager (Male) |
| 15:04 | Research | Castle Age |
| 15:09 | Create | Spearman |
| 15:25 | Build | House |
| 15:31 | Build | Farm |
| 15:38 | Research | Double-Bit Axe |
| 15:40 | Research | Horse Collar |
| 15:59 | Build | House |
| 16:15 | Create | Archer |
| 17:10 | Create | Villager (Male) |
| 17:38 | Create | Villager (Male) |
| 17:42 | Create | Archer |
| 17:45 | Age | Castle Age |
| 17:48 | Build | Town Center |
| 18:06 | Build | Town Center |
| 18:12 | Create | Villager (Male) |
| 18:12 | Create | Villager (Male) |
| 18:20 | Research | Heavy Plow |
| 18:22 | Research | Bow Saw |
| 18:26 | Create | Archer |
| 18:26 | Create | Archer |
| 18:38 | Build | Palisade Wall |
| 18:40 | Build | Palisade Wall |
| 18:43 | Build | Palisade Wall |
| 19:12 | Build | Palisade Wall |
| 19:14 | Create | Villager (Male) |
| 19:14 | Create | Villager (Male) |
| 19:20 | Build | Monastery |
| 19:22 | Build | Farm |
| 19:23 | Build | Farm |
| 19:26 | Create | Villager (Male) |
| 19:27 | Create | Villager (Male) |
| 19:31 | Create | Villager (Male) |
| 19:32 | Create | Villager (Male) |
| 19:32 | Create | Villager (Male) |
| 19:47 | Create | Villager (Male) |
| 19:47 | Create | Villager (Male) |
| 19:47 | Create | Villager (Male) |
| 20:16 | Create | Villager (Male) |
| 20:16 | Create | Villager (Male) |
| 20:17 | Create | Villager (Male) |
| 20:21 | Build | Lumber Camp |
| 20:38 | Build | Palisade Wall |
| 20:44 | Build | Palisade Wall |
| 20:53 | Build | Farm |
| 20:54 | Create | Villager (Male) |
| 20:55 | Create | Villager (Male) |
| 20:55 | Create | Villager (Male) |
| 21:00 | Create | Monk |
| 21:04 | Create | Villager (Male) |
| 21:04 | Create | Villager (Male) |
| 21:14 | Create | Villager (Male) |
| 21:14 | Create | Villager (Male) |
| 21:24 | Build | House |
| 21:30 | Build | Mining Camp |
| 21:32 | Create | Villager (Male) |
| 21:32 | Create | Villager (Male) |
| 21:44 | Build | Archery Range |
| 21:50 | Build | Farm |
| 21:50 | Create | Villager (Male) |
| 21:50 | Create | Villager (Male) |
| 21:57 | Create | Villager (Male) |
| 21:57 | Create | Villager (Male) |
| 22:07 | Create | Monk |
| 22:10 | Create | Villager (Male) |
| 22:10 | Create | Villager (Male) |
| 22:13 | Create | Villager (Male) |
| 22:21 | Build | Farm |
| 22:21 | Build | Farm |
| 22:34 | Create | Villager (Male) |
| 22:34 | Create | Villager (Male) |
| 22:45 | Build | Palisade Wall |
| 22:49 | Build | Palisade Wall |
| 22:58 | Build | Palisade Gate |
| 23:00 | Create | Villager (Male) |
| 23:00 | Create | Villager (Male) |
| 23:00 | Create | Villager (Male) |
| 23:15 | Research | Fletching |
| 23:25 | Build | House |
| 23:26 | Build | House |
| 23:26 | Build | House |
| 23:28 | Build | House |
| 23:30 | Build | House |
| 23:31 | Build | House |
| 23:35 | Build | Farm |
| 23:36 | Create | Villager (Male) |
| 23:36 | Create | Villager (Male) |
| 23:36 | Create | Villager (Male) |
| 23:43 | Build | Farm |
| 23:46 | Create | Villager (Male) |
| 23:47 | Create | Villager (Male) |
| 23:54 | Build | House |
| 24:02 | Build | House |
| 24:03 | Build | House |
Match timeline
| 4:35 | taronaj · wall_segment Palisade Wall x7 |
| 5:14 | taronaj · wall_segment Palisade Wall x4 |
| 7:22 | taronaj · wall_segment Palisade Wall x16 |
| 8:35 | taronaj · first_building Barracks |
| 9:53 | taronaj · age_up feudal |
| 9:57 | m · first_building Barracks |
| 9:59 | taronaj · first_building Stable |
| 11:44 | m · age_up feudal |
| 11:48 | m · first_building Archery Range |
| 12:00 | taronaj · wall_segment Palisade Wall x16 |
| 15:06 | taronaj · wall_segment Palisade Wall x1 |
| 15:44 | taronaj · wall_segment Palisade Wall x12 |
| 17:45 | m · age_up castle |
| 18:38 | m · wall_segment Palisade Wall x4 |
| 18:40 | m · wall_segment Palisade Wall x3 |
| 18:43 | m · wall_segment Palisade Wall x3 |
| 18:47 | taronaj · wall_segment Palisade Wall x4 |
| 19:12 | m · wall_segment Palisade Wall x14 |
| 19:20 | m · first_building Monastery |
| 19:30 | taronaj · wall_segment Palisade Wall x5 |
| 20:38 | m · wall_segment Palisade Wall x17 |
| 20:44 | m · wall_segment Palisade Wall x13 |
| 20:44 | taronaj · age_up castle |
| 20:56 | taronaj · first_building Archery Range |
| 21:02 | taronaj · first_building Monastery |
| 21:55 | taronaj · wall_segment Palisade Wall x1 |
| 22:45 | m · wall_segment Palisade Wall x18 |
| 22:49 | m · wall_segment Palisade Wall x10 |
| 24:48 | m · first_building Castle |
| 27:48 | taronaj · first_building Castle |
| 29:48 | taronaj · first_building Siege Workshop |
| 32:05 | m · first_building Siege Workshop |
| 33:00 | taronaj · age_up imperial |
| 33:35 | m · age_up imperial |
| 35:52 | m · first_market_sell 100 food |
| 37:36 | m · first_building Stable |
| 37:50 | taronaj · wall_segment Stone Wall x11 |
| 43:18 | m · first_market_buy 100 wood |
| 53:59 | taronaj · resign |
[ AI ANALYSIS · 1 CREDIT ]
What really happened in this match?
Wolo.gg analyzes every decision: build order, eco, micro, common mistakes by bracket. Personalized analysis on WhatsApp or Discord in 30 seconds.
Civ guide
Franks
Perfil
Jugador #624182